 Dungeon Crawl Stone Soup version 0.28.0-43-g3370ac3207 (webtiles) character file.

Game seed: 4919242050603567420

85 terff the Chopper (level 4, 0/38 (40) HPs)
             Began as a Hill Orc Fighter on Apr 1, 2022.
             Slain by an orc
             ... wielding a +2 dagger of draining
              (2 damage)
             ... on level 3 of the Dungeon.
             The game lasted 00:03:16 (1295 turns).

terff the Chopper (Hill Orc Fighter)                Turns: 1295, Time: 00:03:16

HP:   0/38 (40)     AC:  8    Str: 18    XL:     4   Next: 48%
MP:   4/4           EV:  9    Int:  8    God:
Gold: 64            SH:  4    Dex: 12    Spells: 3/3 levels left

rFire   . . .      SeeInvis .   a - +1 war axe
rCold   . . .      Faith    .   c - +0 buckler
rNeg    . . .      Spirit   .   b - +0 scale mail
rPois   .          Reflect  .   (no helmet)
rElec   .          Harm     .   (no cloak)
rCorr   .          Rampage  .   (no gloves)
Will    .....                   f - +0 pair of boots
Stlth   ..........              (no amulet)
HPRegen 0.12/turn               (no ring)
MPRegen 0.09/turn               (no ring)

@: drained
A: no striking features
a: no special abilities


You were on level 3 of the Dungeon.
You visited 1 branch of the dungeon, and saw 3 of its levels.

You collected 64 gold pieces.

Inventory:

Hand Weapons
 a - a +1 war axe (weapon)
Armour
 b - a +0 scale mail (worn)
 c - a +0 buckler (worn)
 f - a +0 pair of boots (worn)
Jewellery
 e - the amulet of Goyd {Spirit rN++}
   (You found it on level 3 of the Dungeon)

   [amulet of guardian spirit]

   It causes incoming damage to be divided between your reserves of health and
   magic.
   rN:        It greatly protects you from negative energy.
Potions
 d - a potion of might
 h - a potion of mutation {unknown}


   Skills:
 + Level 4.0 Fighting
 + Level 4.4 Axes
 + Level 3.7 Armour
 + Level 1.0 Dodging
 + Level 3.7 Shields


You had 3 spell levels left.
You didn't know any spells.
Your spell library was empty.

Dungeon Overview and Level Annotations

Branches:
Dungeon (2/15)

Altars:

Shops:
D:1 :


Message History

You closely miss the kobold.
The kobold hits you but does no damage. x2
You miss the kobold.
An adder comes into view.
The kobold hits you but does no damage.
You closely miss the kobold.
The kobold hits you but does no damage. x2
You barely miss the kobold.
The adder hisses angrily.
You hear a shout!
The kobold hits you but does no damage.
You hear a shout!
You slash the kobold!
You kill the kobold!
Your Dodging skill increases to level 1!
You barely miss the adder.
You feel less wooden.
Your +0 pair of boots unmelds from your body.
Your +0 scale mail unmelds from your body.
The adder bites you but does no damage.
An orc comes into view. It is wielding a +2 dagger of draining.
The adder closely misses you.
You miss the adder. You block the adder's attack.
You miss the adder. The adder closely misses you.
An endoplasm comes into view.
The adder bites you but does no damage.
An orc comes into view. It is wielding a +0 club.
You closely miss the adder.
The adder bites you but does no damage. x2
You hit the adder.
The adder is moderately wounded.
You hit the orc. The orc hits you but does no damage.
You feel drained. The adder bites you.
An orc comes into view. It is wielding a +0 trident.
The adder bites you but does no damage.
You see here a +0 short sword.
Found a stone staircase leading up.
The endoplasm freezes you.
You are frozen.
* * * LOW HITPOINT WARNING * * *
The orc hits you with a +2 dagger of draining.
* * * LOW HITPOINT WARNING * * *
You feel drained.
You die...

#.... ###
...<...#.... #..
.......#...####(#
.......+.........
....... #...# #.#
....... #...# #.#
.......##...###.#
........J.......#
.......@o).)oo..#
......$.S..).......#
#######........###.#
#$.......# #
#........#
#........#
########.# ..# .#


You could see an adder, 3 orcs and an endoplasm.

Vanquished Creatures
  An orc wizard (D:3)
  An adder (D:2)
  A worm (D:2)
  2 dart slugs (D:1)
  8 endoplasms (D:1)
  4 giant cockroaches
  4 goblins
  A hobgoblin (D:3)
  2 quokkas (D:1)
  2 ball pythons (D:1)
  4 bats
  4 frilled lizards
  5 kobolds
  A rat (D:1)
40 creatures vanquished.

Notes
Turn   | Place    | Note
-------+----------+-------------------------------------------
     0 | D:1      | terff the Hill Orc Fighter began the quest for the Orb.
     0 | D:1      | Reached XP level 1. HP: 19/19 MP: 1/1
   150 | D:1      | Reached XP level 2. HP: 23/27 MP: 2/2
   411 | D:1      | Reached XP level 3. HP: 32/33 MP: 3/3
   591 | D:1      | Noticed a great orb of eyes
   597 | D:1      | Noticed a golden eye
   599 | D:1      | Found a faded altar of an unknown god.
   603 | D:1      | Noticed a shining eye
   603 | D:1      | Noticed a great orb of eyes
   829 | D:1      | Found Niank's Book Shop.
  1258 | D:2      | You fall into a shaft and drop 1 floor!
  1266 | D:3      | Identified the amulet of Goyd {Spirit rN++}
  1280 | D:3      | Reached XP level 4. HP: 23/40 MP: 4/4
  1288 | D:3      | Reached skill level 1 in Dodging
  1295 | D:3      | Slain by an orc

Illustrated notes

Levels and vault maps discovered:
D:1:      dpeg_arrival_three_same_balls, layout_basic, serial_shops,
          nicolae_shop_trees, hellmonk_ecumenical_altar_watching_god,
          minmay_misc_feat_more_columns, hangedman_decor_lopped
D:2:      layout_loops_ring, basic_altar, uniq_natasha
D:3:      layout_basic, kennysheep_generic_room_10

Skill      XL: |  1  2  3  4 |
---------------+-------------+-----
Axes           | 3 4 |  4.4
Fighting       | 4 |  4.0
Dodging        | 1 |  1.0
Armour         | |  3.7
Shields        | |  3.7

Action                   |  1- 3 |  4- 6 || total
-------------------------+-------+-------++-------
Melee: War axe           |    96 |    13 ||   109
  Use: Scroll            |     3 |       ||     3
       Potion            |     1 |       ||     1
Armor: Scale mail        |    53 |     6 ||    59
       Skin              |    11 |    10 ||    21
Dodge: Dodged            |    54 |     2 ||    56
Block: Buckler           |    28 |     1 ||    29
